 Dungeon Sprint DCSS version 0.30.1-9-gdf580d7c3d (webtiles) character file.

Game seed: 6430316263344522027

456 Heoruswealwe the Spear-Bearer (level 6, -1/64 HPs)
             Began as a Minotaur Fighter on Oct 23, 2023.
             Slain by a killer bee (4 damage)
             ... in the Dungeon (Sprint IX: "|||||||||||||||||||||||||||||").
             The game lasted 00:00:48 (149 turns).

Heoruswealwe the Spear-Bearer (Minotaur Fighter)     Turns: 149, Time: 00:00:49

Health: -1/64      AC:  8    Str: 22    XL:     6   Next: 77%
Magic:  5/5        EV:  9    Int:  5    God:
Gold:   0          SH:  4    Dex: 10    Spells: 5/5 levels left

rFire   . . .        a - +0 trident
rCold   . . .        d - +0 buckler
rNeg    . . .        c - +0 scale mail
rPois   .            (helmet restricted)
rElec   .            (no cloak)
rCorr   .            (no gloves)
SInv    .            (no boots)
Will    .....        (no amulet) Stlth
                     (no ring)
HPRegen 0.30/turn    (no ring)
MPRegen 0.09/turn

%: no teleportation
@: no status effects
A: horns 2, retaliatory headbutt
a: no special abilities


You were in the Dungeon.
You visited 1 branch

Inventory:

Hand Weapons
 a - a +0 trident (weapon)
Armour
 c - a +0 scale mail (worn)
 d - a +0 buckler (worn)
Jewellery
 m - a +3 ring of intelligence
 n - a +3 ring of dexterity
Wands
 l - a wand of light (10)
Scrolls
 j - 2 scrolls of blinking
 k - 2 scrolls of amnesia
Potions
 b - a potion of might
 e - 5 potions of curing
 f - 3 potions of heal wounds
 g - a potion of haste
 h - a potion of invisibility
 i - a potion of berserk rage


   Skills:
 + Level 9.5 Fighting
 * Level 12.4 Polearms
 + Level 9.5 Armour
 - Level 3.6 Shields


You had 5 spell levels left.
You didn't know any spells.
Your spell library was empty.

Dungeon Overview and Level Annotations

Branches:
Dungeon (1/1)

Altars:
Cheibriados
Dithmenos
Elyvilon
Fedhas
Gozag
Hepliaklqana
Kikubaaqudgha
Makhleb
Nemelex Xobeh
Okawaru
Qazlal
Ru
Sif Muna
Trog
Uskayaw
Vehumet
Wu Jian
Xom
Yredelemnul
Zin
The Shining One
Jiyva
Lugonu


Innate Abilities, Weirdness & Mutations

You have a pair of horns on your head.
You reflexively headbutt those who attack you in melee.


Message History

The shadow strikes at you from the darkness!
* * * LOW HITPOINT WARNING * * *
Reactivating autopickup.
You puncture the shadow!
You destroy the shadow!
Your Fighting skill increases to level 9!
Your Polearms skill gained 2 levels and is now at level 12!
Your Armour skill increases to level 9!
You have reached level 6!
The kobold brigand hits you with a +0 short sword.
* * * LOW HITPOINT WARNING * * *
There is an open door to the Dungeon here.
You barely miss the kobold brigand.
Your headbutt misses the kobold brigand.
The kobold brigand hits you with a +0 short sword.
* * * LOW HITPOINT WARNING * * *
You puncture the kobold brigand!
The kobold brigand is moderately wounded.
The kobold brigand closely misses you.
You hit the kobold brigand.
Your headbutt misses the kobold brigand.
The kobold brigand is moderately wounded.
The kobold brigand hits you but does no damage.
You closely miss the kobold brigand.
The kobold brigand is moderately wounded.
You hit the kobold brigand. You headbutt the kobold brigand!
The kobold brigand is severely wounded.
The kobold brigand hits you but does no damage.
You hit the kobold brigand but do no damage.
The kobold brigand is severely wounded.
The kobold brigand barely misses you. You furiously retaliate!
You headbutt the kobold brigand!
You kill the kobold brigand!
The killer bee stings you but does no damage. x2
The wight closely misses you.
Things that are here:
a +0 short sword; a curare-tipped dart; a kobold corpse You closely miss the killer bee.
The killer bee barely misses you. The killer bee stings you.
You die...

▓)▓
▓.▓
▓[▓
▓[▓
▓[▓
▓.▓
▓.▓
▓'▓
▓@▓
▓y▓
▓z▓
▓y▓
▓o▓
▓.▓
▓+▓


You could see an orc warrior, a vampire mosquito, a killer bee and a wight.

Vanquished Creatures
  A shadow (D)
  A black bear (D)
  2 phantoms (D)
  A kobold brigand (D)
  An ufetubus (D)
  A dart slug (D)
  A goblin (D)
  A hobgoblin (D)
  A ball python (D)
  2 frilled lizards (D)
12 creatures vanquished.

Notes
Turn   | Place    | Note
-------+----------+-------------------------------------------
     0 | D        | Heoruswealwe the Minotaur Fighter began the quest for the
                  | Orb.
     0 | D        | Reached XP level 1. HP: 19/19 MP: 0/0
    15 | D        | Reached skill level 3 in Polearms
    57 | D        | Noticed a phantom
    57 | D        | Noticed a phantom
    57 | D        | Noticed a black bear
    65 | D        | Killed a phantom
    66 | D        | Reached skill level 7 in Polearms
    66 | D        | Reached XP level 2. HP: 23/30 MP: 1/1
    66 | D        | Reached XP level 3. HP: 28/37 MP: 2/2
    66 | D        | Reached XP level 4. HP: 34/44 MP: 3/3
    80 | D        | Killed a phantom
    81 | D        | Reached skill level 9 in Polearms
    81 | D        | Reached XP level 5. HP: 35/52 MP: 4/4
    85 | D        | Killed a black bear
    86 | D        | Reached skill level 10 in Polearms
    91 | D        | Found a snail-covered altar of Cheibriados.
    91 | D        | Found a shadowy altar of Dithmenos.
    91 | D        | Found a white marble altar of Elyvilon.
    91 | D        | Found a blossoming altar of Fedhas.
    91 | D        | Found an opulent altar of Gozag.
    92 | D        | Found a hazy altar of Hepliaklqana.
    93 | D        | Found a viscous altar of Jiyva.
    94 | D        | Found an ancient bone altar of Kikubaaqudgha.
    95 | D        | Found a corrupted altar of Lugonu.
    96 | D        | Found a burning altar of Makhleb.
    97 | D        | Found a sparkling altar of Nemelex Xobeh.
    98 | D        | Found an iron altar of Okawaru.
    99 | D        | Found a stormy altar of Qazlal.
   100 | D        | Found a sacrificial altar of Ru.
   101 | D        | Found a shimmering blue altar of Sif Muna.
   102 | D        | Found a bloodstained altar of Trog.
   103 | D        | Found a hide-covered altar of Uskayaw.
   104 | D        | Found a radiant altar of Vehumet.
   105 | D        | Found an ornate altar of the Wu Jian Council.
   106 | D        | Found a shimmering altar of Xom.
   107 | D        | Found a basalt altar of Yredelemnul.
   108 | D        | Found a glowing silver altar of Zin.
   109 | D        | Found a glowing golden altar of the Shining One.
   133 | D        | Noticed a shadow
   133 | D        | Noticed a vampire mosquito
   133 | D        | Noticed an orc warrior
   140 | D        | Killed a shadow
   141 | D        | Reached skill level 12 in Polearms
   141 | D        | Reached XP level 6. HP: 8/63 MP: 5/5
   141 | D        | HP: 3/63 [kobold brigand/+0 short sword (5)]
   142 | D        | HP: 1/63 [kobold brigand/+0 short sword (2)]
   149 | D        | Slain by a killer bee

Illustrated notes

Levels and vault maps discovered:
D:        linesprint [early_d, line_temple, items_1, d_10, items_2, lair_1,
          lair_end, items_3, orc_1, orc_end, items_4, d_15, swamp_1, shoals_1,
          snake_1, spider_1, d_20, vaults_1, items_5, swamp_end, shoals_end,
          snake_end, spider_end, vaults_end, d_27, items_6, zot_1, zot_end,
          crypt_end, forest_end, elf_end, slime_end, tomb_end, abyss_end,
          pan_hell_end]

Skill      XL: |  1  2  3  4  5 |
---------------+----------------+-----
Polearms       | 7 9 12 | 12.4
Fighting       | 6 7 9 |  9.5
Armour         | 6 7 9 |  9.5
Shields        | |  3.6

Action                     |  1- 3 |  4- 6 || total
---------------------------+-------+-------++-------
  Melee: Trident           |    21 |    33 ||    54
         Headbutt          |     5 |     4 ||     9
 Armour: Scale mail        |     5 |    15 ||    20
  Dodge: Dodged            |     7 |    12 ||    19
  Block: Buckler           |     1 |     5 ||     6
